 Dungeon Crawl Stone Soup version 0.23.2 (webtiles) character file.

Game seed: 16216141447225033449

113696 Gargoyl the Cleaver (level 16, -6/134 HPs)
             Began as a Centaur Abyssal Knight on Apr 10, 2019.
             Was an Elder of Lugonu.
             Mangled by a deep troll (22 damage)
             ... on level 1 of the Depths.
             The game lasted 01:14:40 (45549 turns).

Gargoyl the Cleaver (Centaur Abyssal Knight)       Turns: 45549, Time: 01:14:41

Health: -6/134     AC: 23    Str: 31    XL:     16   Next: 14%
Magic:  28/28      EV: 13    Int:  8    God:    Lugonu [****..]
Gold:   1562       SH: 12    Dex: 15    Spells: 15/15 levels left

rFire    + + .     SeeInvis .   i - +1 broad axe (elec)
rCold    . . .     Gourm    .   s - +1 buckler "Rauggo" {Dex+4}
rNeg     . . .     Faith    .   j - +3 ring mail of the World {rElec MR+ Regen+}
rPois    +         Spirit   .   D - +2 hat
rElec    +         Reflect  +   O - +0 cloak of Noughts and Crosses {rPois Str+4 Int-5}
rCorr    +         Harm     .   B - +2 pair of gloves
MR       +++..                  U - +0 centaur barding {rF+}
Stlth    ..........             S - +5 amulet of reflection
HPRegen  0.72/turn              f - ring of Temptation {Str+2 Dex+2}
MPRegen  0.21/turn              L - ring of Royalty {rCorr Str+3}

@: studying Bows, very quick
A: large, claws 1, hooves 3, clever 1, deformed body, fire resistance 1, speed
2, high mp 1, magic resistance 1, tough skin 3
a: Depart the Abyss, Bend Space, Banish, Corrupt, Renounce Religion


You were on level 1 of the Depths.
You worshipped Lugonu.
Lugonu was greatly pleased with you.
You were hungry.

You visited 5 branches of the dungeon, and saw 26 of its levels.
You visited the Abyss 3 times.
You also visited: Ossuary.

You collected 2196 gold pieces.
You spent 634 gold pieces at shops.

Inventory:

Hand Weapons
 a - a +3 hand axe
 i - a +1 broad axe of electrocution (weapon)
 p - the +1 broad axe "Dukum" {speed, MR+}
   (You acquired it on level 12 of the Dungeon)

   Attacks with this weapon are significantly faster.
   It affects your resistance to hostile enchantments.
Missiles
 b - 32 tomahawks (quivered)
 Q - 377 arrows
Armour
 j - the +3 ring mail of the World (worn) {rElec MR+ Regen+}
   (You found it on level 6 of the Lair of Beasts)

   It insulates you from electricity.
   It affects your resistance to hostile enchantments.
   It increases your rate of regeneration.
 m - a +3 centaur barding of flying
 s - the +1 buckler "Rauggo" (worn) {Dex+4}
   (You bought it in a shop on level 1 of the Depths)

   It affects your dexterity (+4).
 B - a +2 pair of gloves (worn)
 D - a +2 hat (worn)
 O - the +0 cloak of Noughts and Crosses (worn) {rPois Str+4 Int-5}
   (You bought it in a shop on level 2 of the Orcish Mines)

   It affects your strength (+4).
   It affects your intelligence (-5).
   It protects you from poison.
 U - a +0 centaur barding of fire resistance (worn)
Jewellery
 f - the ring of Temptation (left hand) {Str+2 Dex+2}
   (You found it on level 2 of the Abyss)

   [ring of strength]

   It affects your strength (+2).
   It affects your dexterity (+2).
 g - an uncursed ring of protection from cold
 v - an uncursed ring of resist corrosion {unknown}
 w - an uncursed ring of positive energy
 L - the ring of Royalty (right hand) {rCorr Str+3}
   (You found it on level 12 of the Dungeon)

   [ring of resist corrosion]

   It affects your strength (+3).
 R - a +5 ring of strength
 S - a +5 amulet of reflection (around neck)
 T - an uncursed amulet of regeneration
 W - an uncursed amulet of the gourmand {unknown}
Wands
 t - a wand of flame (28)
 F - a wand of acid (29)
 H - a wand of iceblast (11)
 I - a wand of digging (5)
 J - a wand of polymorph (13)
 M - a wand of scattershot (6)
 P - a wand of paralysis (17)
Scrolls
 h - 10 scrolls of identify
 k - 3 scrolls of fog
 q - a scroll of silence
 r - 9 scrolls of remove curse
 u - 3 scrolls of amnesia
 z - a scroll of enchant armour
 Y - a scroll of magic mapping
Potions
 d - 4 potions of invisibility
 e - a potion of cancellation
 l - a potion of berserk rage
 o - 2 potions of curing
 x - 2 potions of haste
 A - 5 potions of brilliance
 C - 2 potions of magic
 E - 7 potions of flight
 K - a potion of might
 N - a potion of agility
Books
 y - a manual of Bows
Miscellaneous
 G - 2 phantom mirrors
Comestibles
 c - 31 rations


   Skills:
 + Level 9.9 Fighting
 + Level 13.3 Axes
 * Level 10.9 Armour
 * Level 9.5 Dodging
 + Level 7.4 Shields
 * Level 13.3 Invocations
 + Level 1.4 Evocations


You had 15 spell levels left.
You didn't know any spells.
Your spell library contained the following spells:

 Spells                   Type           Power        Failure   Level  Hunger
 Animate Skeleton         Necr           N/A          50%         1    ##.....
 Apportation              Tloc           #.....       50%         1    ##.....
 Beastly Appendage        Tmut           #.....       50%         1    ##.....
 Confusing Touch          Hex            #.....       50%         1    ##.....
 Flame Tongue             Conj/Fire      #....        50%         1    ##.....
 Magic Dart               Conj           #...         50%         1    ##.....
 Sting                    Conj/Pois      #...         50%         1    ##.....
 Summon Small Mammal      Summ           #...         50%         1    ##.....
 Blink                    Tloc           N/A          65%         2    ###....
 Call Imp                 Summ           #.......     65%         2    ###....
 Passwall                 Tmut/Erth      #.......     65%         2    ###....
 Poisonous Vapours        Pois/Air       #.....       65%         2    ###....
 Slow                     Hex            #.......     65%         2    ###....
 Sticks to Snakes         Tmut           #.......     65%         2    ###....
 Throw Flame              Conj/Fire      #.....       65%         2    ###....
 Conjure Flame            Conj/Fire      #.......     86%         3    ####...
 Ignite Poison            Fire/Tmut/Pois #.......     86%         3    ####...
 Inner Flame              Hex/Fire       #.......     86%         3    ####...
 Mephitic Cloud           Conj/Pois/Air  #.......     86%         3    ####...
 Spider Form              Tmut/Pois      #.........   86%         3    ####...
 Ice Form                 Ice/Tmut       #.......     99%         4    #####..
 Olgreb's Toxic Radiance  Pois           #.......     99%         4    #####..
 Sticky Flame             Conj/Fire      #.......     99%         4    #####..
 Blade Hands              Tmut           #.........   100%        5    ######.
 Fireball                 Conj/Fire      #.........   100%        5    ######.
 Venom Bolt               Conj/Pois      #.........   100%        5    ######.
 Iron Shot                Conj/Erth      #.........   100%        6    #######


Dungeon Overview and Level Annotations

Branches:
Dungeon (15/15)            Temple (0/1) D:6            Lair (6/6) D:10
 Shoals (0/4) Lair:4       Spider (2/4) Lair:2        Slime (0/5) Lair:6
    Orc (2/2) D:12            Elf (0/3) Orc:2        Vaults (0/5) D:13
 Depths (1/5) D:15

Altars:
Cheibriados
Dithmenos
Fedhas
Okawaru
Sif Muna
Uskayaw
Beogh

Shops:
Orc:2 [=%=:   Depths:1 }[[:[

Portals:
Trove: D:13 (give 13 scrolls of teleportation)

Annotations:
D:3 exclusion: oklob plant
D:5 4 runed translucent doors
Lair:6 exclusion: 4 oklob plants


Innate Abilities, Weirdness & Mutations

You have hooves in place of feet.
Armour fits poorly on your strangely shaped body.
You cover ground very quickly.
You have extremely tough skin. (AC +3)
You have sharp fingernails.
Your mind is acute. (Int +2)
Your flesh is heat resistant. (rF+)
You have an increased reservoir of magic. (+10% MP)
You are resistant to hostile enchantments. (MR+)


Message History

You block the deep troll's attack.
The cyan very ugly thing gurgles horribly!
You hit the deep troll. Your kick misses the deep troll.
The deep troll is almost dead.
You hit the deep troll.
Lightning courses through the deep troll!
You block the deep troll's attack.
The deep troll claws you but does no damage.
The deep troll barely misses you. The deep troll bites you!!
* * * LOW HITPOINT WARNING * * *
The deep troll claws you.
* * * LOW HITPOINT WARNING * * *
You block the deep troll's attack.
The deep troll shaman calls upon its god to speed up the deep troll.
The deep troll seems to speed up.
A cyan very ugly thing comes into view.
The deep troll shaman calls upon its god to strengthen the deep troll.
The deep troll seems to grow stronger.
The deep troll bites you!!
You die...

......#####.........#
#...PP≈≈≈
∩....########.#####.#
...≈≈≈≈≈≈
....###..........##.#
...≈≈P≈≈≈
...###.....###.#.##.#
..###......+...#.##.#
)###.......##.##.##.#+#+#####
.#.........# #..............#
.#.........# #...[....≈≈§§§.#
.#############.#@###.§≈§§≈..#
.# ##..........T.+..§≈≈§..#
># #...#####.#.#T#..≈≈§≈..#
.#####...# ...#.#TTu§§≈≈...#
.'..##...# $####.#..........+
.##.##...## #.##...$.u....
.##.###'## #......[......#
....# #.# #..#...........
.#### #.# ...............#.


You could see a cyan very ugly thing, 3 deep trolls and a deep troll shaman.

Vanquished Creatures
  Donald (Orc:2)
  A fire giant (D:15)
  A stone giant (Orc:1)
  Snorg (Lair:5)
  An ogre mage (D:13)
  A fire dragon (D:15)
  Fannar (Lair:2)
  Harold (D:7)
  8 vault guards
  Erica (D:10)
  2 centaur warriors
  A hydra (Lair:5)
  3 two-headed ogres
  A deep troll shaman (Depths:1)
  5 tengu warriors
  A death knight (D:12)
  8 death yaks
  A deep troll earth mage (Depths:1)
  8 orc high priests
  Sonja (Lair:6)
  A skeletal warrior (D:13)
  A swamp dragon (shapeshifter) (Depths:1)
  6 cyclopes
  3 orc knights
  3 lindwurms (D:12)
  A deep elf mage (D:13)
  A moth of wrath (Spider:1)
  An orc sorcerer (Orc:1)
  6 wolf spiders
  2 manticores
  A large abomination (Abyss:1)
  A cyclops (shapeshifter) (D:11)
  5 black mambas
  14 ugly things
  Psyche (D:8)
  A gargoyle (D:14)
  7 komodo dragons
  26 spiny frogs
  A kobold demonologist (D:13)
  4 rime drakes
  A spiny frog (shapeshifter) (D:14)
  An efreet (D:14)
  2 yaktaurs (Depths:1)
  A demonic crawler (Spider:1)
  2 freezing wraiths
  3 tengu conjurers
  4 jumping spiders
  4 meliai
  6 trolls
  3 tyrant leeches
  4 hornets
  A polar bear (Lair:6)
  7 slime creatures
  32 blink frogs
  10 hippogriffs
  A spriggan (D:7)
  14 redbacks (Spider:1)
  A shadow (D:14)
  A vampire (D:11)
  2 water elementals (Depths:1)
  6 tarantellas (Spider:1)
  A wraith (D:14)
  6 wyverns
  37 yaks
  2 basilisks
  2 hungry ghosts (D:12)
  6 vampire mosquitoes
  Menkaure (D:5)
  10 wargs
  A soldier ant (D:11)
  7 water moccasins
  2 acid dragons
  3 porcupines
  2 sky beasts
  26 orc warriors
  2 ice beasts
  2 phantoms
  4 black bears
  A hornet zombie (D:11)
  6 ogres
  22 centaurs
  7 wolves
  14 crocodiles
  4 gnoll sergeants (D:10)
  34 bullfrogs
  3 big kobolds
  4 scorpions
  A wyvern skeleton (D:10)
  15 killer bees (D:9)
  9 wights (D:8)
  6 howler monkeys
  2 bullfrog zombies (Ossuary)
  4 centaur zombies (Ossuary)
  5 crimson imps
  A bullfrog skeleton (D:5)
  39 orc priests
  13 jellies
  5 centaur skeletons
  3 gnoll shamans (D:10)
  13 hounds
  24 orc wizards
  6 iguanas
  3 worker ants
  A hell rat (D:10)
  A killer bee zombie (Ossuary)
  2 hound zombies
  3 hound skeletons
  A howler monkey zombie (D:8)
  11 mummies (Ossuary)
  42 gnolls
  2 worker ant zombies (Ossuary)
  22 adders
  A river rat (D:10)
  2 shadow imps
  An ooze (D:6)
  2 adder skeletons (D:5)
  5 worms
  2 dart slugs
  6 leopard geckos
  107 orcs
  8 giant cockroaches
  6 goblins
  6 hobgoblins
  25 jackals
  8 quokkas
  A ball python (D:4)
  5 bats
  8 frilled lizards
  A giant cockroach zombie (Ossuary)
  A jackal skeleton (D:6)
  17 kobolds
  A quokka skeleton (D:5)
  A quokka zombie (Ossuary)
  8 rats
  3 fungi
  2 plants (Lair:2)
910 creatures vanquished.

Vanquished Creatures (others)
  5 hydras
  A two-headed ogre (D:8)
  A death yak (D:9)
  2 unseen horrors
  A lindwurm (D:12)
  A wolf spider (Lair:5)
  An ugly thing (D:8)
  A komodo dragon (Lair:1)
  A spiny frog (Lair:6)
  2 yaktaurs (Depths:1)
  2 tyrant leeches
  3 blink frogs
  2 slime creatures
  2 electric eels (D:10)
  An iguana (D:14)
  A hell rat (D:9)
  An orc (Orc:1)
  45 fungi
  103 plants
  4 withered plants (Ossuary)
180 creatures vanquished.

Grand Total: 1090 creatures vanquished

Notes
Turn   | Place    | Note
-------+----------+-------------------------------------------
     0 | Abyss:1  | Gargoyl the Centaur Abyssal Knight began the quest for the
                  | Orb.
     0 | Abyss:1  | Reached XP level 1. HP: 19/19 MP: 2/2
     1 | Abyss:1  | Found a corrupted altar of Lugonu.
    35 | Abyss:2  | Found a corrupted altar of Lugonu.
    50 | Abyss:2  | Noticed a large abomination
    69 | Abyss:2  | Noticed a white ugly thing
    69 | Abyss:2  | Noticed a white very ugly thing
    90 | Abyss:2  | Noticed a large abomination
    90 | Abyss:2  | Noticed a large abomination
   112 | Abyss:2  | Noticed an anaconda simulacrum
   113 | Abyss:2  | Got a faintly glowing lapis lazuli ring
   114 | D:1      | Escaped the Abyss
   115 | D:1      | Identified the ring of Temptation {Str+2 Dex+2} (You found
                  | it on level 2 of the Abyss)
   343 | D:1      | Reached XP level 2. HP: 23/26 MP: 3/3
   431 | D:1      | Reached * piety under Lugonu
  1262 | D:2      | Reached skill level 1 in Dodging
  1262 | D:2      | Reached XP level 3. HP: 27/31 MP: 4/4
  1642 | D:2      | Found an iron altar of Okawaru.
  2001 | D:3      | Reached ** piety under Lugonu
  2022 | D:3      | Reached XP level 4. HP: 34/38 MP: 5/5
  2673 | D:3      | Reached XP level 5. HP: 24/46 MP: 7/7
  3217 | D:3      | Found a blossoming altar of Fedhas.
  3240 | D:3      | Noticed an oklob plant
  3820 | D:4      | Reached XP level 6. HP: 52/52 MP: 8/8
  4337 | D:4      | Reached *** piety under Lugonu
  4655 | D:4      | Found a snail-covered altar of Cheibriados.
  4902 | D:5      | Entered Level 5 of the Dungeon
  5191 | D:5      | Noticed Menkaure
  5205 | D:5      | Killed Menkaure
  5205 | D:5      | Reached skill level 1 in Shields
  5205 | D:5      | Reached XP level 7. HP: 32/59 MP: 9/9
  5634 | D:5      | Found a large runed translucent door.
  5634 | D:5      | Found a large runed translucent door.
  5636 | D:5      | Noticed a yak
  5642 | D:5      | Found a large runed translucent door.
  5642 | D:5      | Found a large runed translucent door.
  6110 | D:5      | Found the +2 hat of the Bear Spirit {Spirit, +Rage rN+
                  | MR++}
  6396 | D:6      | Reached XP level 8. HP: 37/66 MP: 4/11
  6812 | D:6      | Got a shimmering morningstar
  6813 | D:6      | Identified the +1 morningstar of Fuathrefi {drain, +Fly
                  | rElec Stlth+} (You found it on level 6 of the Dungeon)
  6904 | D:6      | Reached skill level 5 in Axes
  7068 | D:6      | Found a staircase to the Ecumenical Temple.
  7718 | D:7      | Reached skill level 5 in Invocations
  7770 | D:7      | Reached **** piety under Lugonu
  7949 | D:7      | Reached XP level 9. HP: 24/73 MP: 4/13
  8735 | D:8      | Noticed Harold
  8751 | D:8      | Noticed a two-headed ogre
  8962 | D:8      | Found a sand-covered staircase.
  8970 | Ossuary  | Entered an ossuary
  9031 | Ossuary  | Reached skill level 5 in Armour
  9214 | Ossuary  | Reached skill level 5 in Fighting
  9495 | D:8      | Noticed Psyche
  9517 | D:8      | Killed Psyche
  9547 | D:8      | Noticed a brown ugly thing
  9558 | D:8      | Banished a brown ugly thing
 10078 | D:8      | Banished a two-headed ogre
 10078 | D:8      | Reached XP level 10. HP: 40/81 MP: 13/15
 10567 | D:7      | Killed Harold
 11134 | D:8      | Identified a scroll of acquirement
 11346 | D:9      | Gained mutation: Your muscles are strong. (Str +2) [potion
                  | of mutation]
 11346 | D:9      | Gained mutation: You are occasionally teleported next to
                  | monsters. [potion of mutation]
 11346 | D:9      | Lost mutation: Your muscles are strong. (Str +2) [potion of
                  | mutation]
 11346 | D:9      | Gained mutation: You have sharp fingernails. [potion of
                  | mutation]
 11406 | D:9      | Reached skill level 5 in Dodging
 12430 | D:9      | Noticed a two-headed ogre
 12455 | D:9      | Killed a two-headed ogre
 12498 | D:9      | Reached XP level 11. HP: 62/89 MP: 16/16
 13009 | D:10     | Entered Level 10 of the Dungeon
 13193 | D:10     | Banished an unseen horror
 13272 | D:10     | Noticed a death yak
 13274 | D:10     | Found a staircase to the Lair.
 13274 | D:10     | Noticed a death yak
 13275 | D:10     | Noticed a death yak
 13595 | D:10     | Lost mutation: You are occasionally teleported next to
                  | monsters. [potion of mutation]
 13595 | D:10     | Lost mutation: You have sharp fingernails. [potion of
                  | mutation]
 13595 | D:10     | Gained mutation: Your spells are a little easier to cast,
                  | but a little less powerful. [potion of mutation]
 13595 | D:10     | Gained mutation: You are dopey. (Int -2) [potion of
                  | mutation]
 13595 | D:10     | Gained mutation: You are frail. (-10% HP) [potion of
                  | mutation]
 13595 | D:10     | Gained mutation: You evolve. [potion of mutation]
 14722 | D:9      | Banished a death yak
 15016 | Lair:1   | Entered Level 1 of the Lair of Beasts
 15369 | Lair:1   | Found a hide-covered altar of Uskayaw.
 15617 | Lair:1   | Lost mutation: You are dopey. (Int -2) [evolution]
 16999 | Lair:2   | Noticed a four-headed hydra
 17000 | Lair:2   | Banished a four-headed hydra
 17001 | Lair:2   | Found a shadowy altar of Dithmenos.
 17070 | Lair:2   | Found a dark tunnel.
 17070 | Lair:2   | Noticed a lindwurm
 17819 | Lair:2   | Noticed Fannar
 17919 | Lair:2   | Noticed a six-headed hydra
 17961 | Lair:2   | Noticed a wolf spider
 18248 | Lair:2   | Found a hole to the Spider Nest.
 18391 | Lair:2   | Killed Fannar
 18487 | Lair:2   | Killed a wolf spider
 18487 | Lair:2   | Reached skill level 1 in Evocations
 18947 | Lair:2   | Reached XP level 12. HP: 85/87 MP: 19/19
 19298 | Lair:2   | Banished an eight-headed hydra
 19785 | Lair:3   | You are sucked into a shaft for 3 floors!
 19785 | Lair:6   | Entered Level 6 of the Lair of Beasts
 19838 | Lair:6   | Noticed Sonja
 19856 | Lair:5   | Noticed a death yak
 19856 | Lair:5   | Noticed Snorg
 19857 | Lair:5   | Noticed a death yak
 19857 | Lair:5   | Noticed a death yak
 19858 | Lair:5   | Noticed a death yak
 19859 | Lair:5   | Noticed a death yak
 19860 | Lair:5   | Noticed a death yak
 21852 | Lair:3   | Reached skill level 10 in Invocations
 22125 | Lair:3   | Gained mutation: You are resistant to hostile enchantments.
                  | (MR+) [evolution]
 23847 | Lair:4   | Found a staircase to the Shoals.
 23946 | Lair:4   | Reached skill level 10 in Axes
 25072 | Lair:5   | Reached XP level 13. HP: 66/94 MP: 20/20
 25292 | Lair:5   | Killed Snorg
 27040 | Lair:6   | Reached skill level 5 in Shields
 31245 | Lair:6   | Reached XP level 14. HP: 15/103 MP: 22/22
 31604 | Lair:6   | Killed Sonja
 31955 | Lair:6   | Identified Neluitotz's Compendium of Clay and the Volcanoes
 31978 | Lair:6   | Got a polished ring mail
 31989 | Lair:6   | Identified the +3 ring mail of the World {rElec MR+ Regen+}
                  | (You found it on level 6 of the Lair of Beasts)
 32040 | Lair:6   | Found a staircase to the Slime Pits.
 32485 | D:10     | Noticed Erica
 32507 | D:10     | Killed Erica
 33668 | D:10     | Found a deep blue altar of Sif Muna.
 35533 | D:12     | Gained mutation: You expend magic power (3 MP) to
                  | strengthen your wands. [evolution]
 35713 | D:12     | Found a staircase to the Orcish Mines.
 35750 | D:12     | Found a roughly hewn altar of Beogh.
 35805 | D:12     | Reached ***** piety under Lugonu
 35919 | D:12     | Found Purionni's Armour Boutique.
 36040 | D:12     | Got a translucent battleaxe
 36042 | D:12     | Got a translucent broad axe
 36043 | D:12     | Identified the +1 broad axe "Dukum" {speed, MR+} (You
                  | acquired it on level 12 of the Dungeon)
 36061 | D:12     | Reached skill level 10 in Armour
 36268 | Abyss:1  | Noticed a white very ugly thing
 36277 | Abyss:1  | Noticed a tentacled starspawn
 36368 | D:12     | Escaped the Abyss
 36569 | D:12     | Got an ancient steel ring
 37660 | D:13     | Identified the +5 battleaxe of World Downfall {chop, +Rage
                  | MR++ Int+2 SInv} (You acquired it on level 12 of the
                  | Dungeon)
 37662 | D:13     | Identified the ring of Royalty {rCorr Str+3} (You found it
                  | on level 12 of the Dungeon)
 38015 | D:13     | Identified the cursed ring of Lotaz {+Blink rElec AC-2
                  | Str-3}
 38213 | D:13     | Found a gate to the Vaults.
 38498 | D:13     | Reached XP level 15. HP: 63/111 MP: 24/24
 38638 | D:13     | Found a portal to a secret trove of treasure.
 39779 | D:15     | Entered Level 15 of the Dungeon
 39958 | D:15     | Found a staircase to the Depths.
 39959 | D:15     | Noticed a fire giant
 40062 | D:15     | Killed a fire giant
 40587 | Orc:1    | Entered Level 1 of the Orcish Mines
 40800 | Orc:2    | Entered Level 2 of the Orcish Mines
 41325 | Orc:2    | Lost mutation: You are frail. (-10% HP) [a neqoxec]
 41366 | Orc:2    | Found Yficykiu's Book Shoppe.
 41366 | Orc:2    | Found Pofreu's Jewellery Shop.
 41585 | Orc:2    | Found a roughly hewn altar of Beogh.
 41921 | Orc:2    | Noticed Donald
 41923 | Orc:2    | Found a staircase to the Elven Halls.
 41966 | Orc:1    | HP: 4/125 [orc sorcerer/bolt of negative energy (36)]
 42152 | Orc:1    | Escaped the Abyss
 42472 | Orc:2    | Found Xoyjahou's Food Shoppe.
 42472 | Orc:2    | Found Daetuir's Jewellery Shop.
 42612 | Orc:2    | Found Vaxuusui's Armour Shop.
 42620 | Orc:2    | Bought the cursed +0 cloak of Noughts and Crosses {rPois
                  | Str+4 Int-5} for 159 gold pieces
 42663 | Orc:2    | Killed Donald
 42730 | Orc:1    | Gained mutation: You are clumsy. (Dex -2) [a neqoxec]
 42829 | Orc:1    | Gained mutation: Your mind is acute. (Int +2) [evolution]
 43439 | Spider:1 | Entered Level 1 of the Spider Nest
 43622 | Spider:1 | Lost mutation: You expend magic power (3 MP) to strengthen
                  | your wands. [potion of mutation]
 43622 | Spider:1 | Lost mutation: You evolve. [potion of mutation]
 43622 | Spider:1 | Gained mutation: You have sharp fingernails. [potion of
                  | mutation]
 43853 | Spider:1 | You fall through a shaft!
 44262 | Spider:1 | Reached XP level 16. HP: 105/134 MP: 25/25
 44841 | Spider:1 | Lost mutation: You are clumsy. (Dex -2) [potion of
                  | mutation]
 44841 | Spider:1 | Lost mutation: Your spells are a little easier to cast, but
                  | a little less powerful. [potion of mutation]
 44841 | Spider:1 | Gained mutation: Your flesh is heat resistant. (rF+)
                  | [potion of mutation]
 44841 | Spider:1 | Gained mutation: You have an increased reservoir of magic.
                  | (+10% MP) [potion of mutation]
 45018 | Depths:1 | Entered Level 1 of the Depths
 45109 | Depths:1 | Found Voetoule's Book Shop.
 45114 | Depths:1 | Found Yseclimn's Antique Armour Shop.
 45114 | Depths:1 | Found Faonkeet's Gadget Boutique.
 45148 | Depths:1 | Found Duxkoanu's Armour Boutique.
 45154 | Depths:1 | Bought a smoking buckler for 475 gold pieces
 45164 | Depths:1 | Identified the +1 buckler "Rauggo" {Dex+4} (You bought it
                  | in a shop on level 1 of the Depths)
 45330 | Depths:1 | Found Esetouji's Antique Armour Boutique.
 45549 | Depths:1 | Mangled by a deep troll

Skill      XL: |  1  2  3  4  5  6  7  8  9 10 11 12 13 14 15 |
---------------+----------------------------------------------+-----
Axes           | 2 3 4 6 7 8 9 10 12 13 | 13.3
Dodging        | 1 2 3 4 5 6 7 8 9 |  9.5
Armour         | 2 3 4 5 6 7 8 9 10 | 10.9
Invocations    | 3 4 5 6 7 9 10 11 12 13 | 13.3
Fighting       | 4 5 6 7 8 9 |  9.9
Shields        | 1 2 3 4 5 6 7 |  7.4
Evocations     | 1 |  1.4

Action                   |  1- 3 |  4- 6 |  7- 9 | 10-12 | 13-15 | 16-18 || total
-------------------------+-------+-------+-------+-------+-------+-------++-------
Melee: Hand axe          |   114 |   185 |   398 |  1341 |  1237 |       ||  3275
       Kick              |    27 |    48 |   121 |   365 |   819 |    34 ||  1414
       Broad axe         |       |       |       |       |  1206 |    69 ||  1275
Throw: Tomahawk          |       |       |       |       |     1 |       ||     1
Invok: Depart the Abyss  |     1 |       |       |       |     2 |       ||     3
       Banish            |       |       |     1 |    27 |    16 |       ||    44
       Bend Space        |       |       |       |     2 |     1 |       ||     3
       Enter the Abyss   |       |       |       |       |     2 |       ||     2
Evoke: Wand              |       |       |       |    34 |    15 |       ||    49
  Use: Potion            |     2 |     1 |       |    16 |    23 |     1 ||    43
       Scroll            |     3 |     3 |     8 |    24 |    21 |       ||    59
 Stab: Sleeping          |     1 |     1 |     3 |       |       |       ||     5
       Paralysed         |       |       |       |    27 |       |       ||    27
  Eat: Chunk             |     2 |     9 |     6 |    29 |    40 |     3 ||    89
       Ration            |       |       |     2 |     7 |     8 |       ||    17
Armor: Leather armour    |    53 |    24 |       |       |       |       ||    77
       Ring mail         |       |    50 |   208 |   177 |   719 |    39 ||  1193
       Skin              |       |       |       |    67 |       |       ||    67
       Plate armour      |       |       |       |   923 |   414 |       ||  1337
Dodge: Dodged            |    65 |    68 |   116 |   253 |   581 |    31 ||  1114
Block: Buckler           |    11 |    22 |    62 |   128 |       |    38 ||   261
       Shield            |       |       |       |   414 |  1348 |    24 ||  1786
       Reflection        |       |       |       |       |    13 |     9 ||    22
